 Dungeon Crawl Stone Soup version 0.31-a0-640-g39d97e502b (webtiles) character file.

Game seed: 17262989125414964111

195 CowFu the Changeling (level 5, 0/37 HPs)
             Began as a Demonspawn Shapeshifter on Aug 28, 2023.
             Was a Follower of Okawaru.
             Killed by divine providence
             ... invoked by an orc priest
              (12 damage)
             ... on level 3 of the Dungeon.
             The game lasted 00:02:52 (2060 turns).

CowFu the Changeling (Demonspawn Shapeshifter)      Turns: 2060, Time: 00:02:52

Health: 0/37       AC:  6    Str: 19    XL:     5   Next: 45%
Magic:  4/4        EV: 10    Int: 12    God:    Okawaru [*.....]
Gold:   63         SH:  8    Dex: 12    Spells: 4/4 levels left

rFire   . . .        s - +0 rapier
rCold   . . .        e - +1 kite shield of the Hidden Vale {Str+5}
rNeg    + . .        a - +0 animal skin
rPois   .            (helmet currently unavailable)
rElec   .            (cloak currently unavailable)
rCorr   .            (gloves currently unavailable)
SInv    .            (boots currently unavailable)
Will    .....        (no amulet)
Stlth   +            g - ring of positive energy
HPRegen 0.26/turn    m - +4 ring of protection
MPRegen 0.09/turn

%: no passive effects
@: beast-form
A: beast (slay +3), antennae 1, (demonic guardian 2), low MP 2, sense
surroundings 1, weak 1
a: Begin Untransformation, Renounce Religion, Heroism


You were on level 3 of the Dungeon.
You worshipped Okawaru.
Okawaru was aware of your devotion.
You were a hulking beast.
You visited 1 branch of the dungeon, and saw 3 of its levels.

You collected 63 gold pieces.

Inventory:

Hand Weapons
 s - a +0 rapier (weapon)
Armour
 a - a +0 animal skin (worn)
 e - the +1 kite shield of the Hidden Vale (worn) {Str+5}
   (You acquired it on level 3 of the Dungeon)

   Str+5:     It affects your strength (+5).
 n - a +0 helmet
Jewellery
 g - a ring of positive energy (left hand)
 m - a +4 ring of protection (right hand)
Talismans
 c - a beast talisman (active)
 d - a flux talisman
Wands
 f - a wand of roots (13)
 l - a wand of digging (5)
 p - a wand of polymorph (10)
Scrolls
 i - a scroll of blinking
 j - a scroll of enchant weapon {unknown}
 k - a scroll of teleportation {unknown}
 q - a scroll of fear {unknown}
 r - a scroll of identify
Potions
 b - a potion of lignification
 o - a potion of curing


   Skills:
 - Level 1.0 Fighting
 - Level 1.7 Dodging
 - Level 2.7 Unarmed Combat
 + Level 5.2 Shapeshifting


You had 4 spell levels left.
You didn't know any spells.
Your spell library contained the following spells:

 Spells                   Type           Power      Damage    Failure   Level
 Foxfire                  Conj/Fire      0%         2x1d4     67%         1
 Plasma Beam              Fire/Air       0%         2x1d10    100%        6
 Starburst                Conj/Fire      0%         6d3       100%        6


Dungeon Overview and Level Annotations

Branches:
Dungeon (3/15)

Altars:
Okawaru


Innate Abilities, Weirdness & Mutations

You are a hulking beast.
Your limbs bulge with bestial killing power. (Slay +3)
You have a pair of small antennae on your head.
((A demonic guardian rushes to your aid.))
Your magical capacity is very low. (-20% MP)
You passively map a small area around you.
You are weak. (Str -2)


Message History

* * * LOW HITPOINT WARNING * * *
You are too injured to fight recklessly!
You are too injured to fight recklessly!
You are too injured to fight recklessly!
You are too injured to fight recklessly!
You are too injured to fight recklessly!
You are too injured to fight recklessly!
You are too injured to fight recklessly!
You hit the orc priest.
The orc priest is moderately wounded.
The orc priest hits you with a +0 hand axe.
* * * LOW HITPOINT WARNING * * *
You hit the orc priest but do no damage.
The orc priest is moderately wounded.
You block the orc priest's attack.
The orc priest hits you with a +0 hand axe.
* * * LOW HITPOINT WARNING * * *
You feel much better.
The orc priest looks encouraged for a moment.
You hit the orc priest.
The orc priest is severely wounded.
The orc priest mumbles some strange prayers to Beogh against you.
Beogh smites you!
* * * LOW HITPOINT WARNING * * *
You hit the orc priest but do no damage.
The orc priest is severely wounded.
You block the orc priest's attack.
You puncture the orc priest!
You kill the orc priest!
Okawaru accepts your kill. The adder barely misses you.
You hit the adder.
The adder is heavily wounded.
The adder barely misses you. You block the orc's attack.
You hit the adder.
The adder is almost dead.
The adder bites you but does no damage. You block the orc's attack.
The orc priest invokes the aid of Beogh against you.
Beogh smites you!
You die...

......#.#......# *
,
........#..###.#,
*
...............#,
,, ,
.......##....#.###
,
#####........#...#
,#.#...######.# ,
, , ..... * #.#* *
# * #.# , , * #h#
, #S# , ,, #o# * ,
#o#* * , .o. *
..., , * * ... , ,
..... , * * ,


You could see an orc priest, an adder and 2 orcs.

Vanquished Creatures
  An orc priest (D:3)
  Natasha (thrice) (D:2)
  4 adders (D:2)
  An ufetubus (D:3)
  A worm (D:3)
  A dart slug (D:1)
  3 endoplasms
  9 hobgoblins
  3 jackals
  2 quokkas (D:2)
  7 ball pythons
  3 bats (D:2)
  3 frilled lizards
  2 goblins
  7 rats
50 creatures vanquished.

Notes
Turn   | Place    | Note
-------+----------+-------------------------------------------
     0 | D:1      | CowFu the Demonspawn Shapeshifter began the quest for the
                  | Orb.
     0 | D:1      | Reached XP level 1. HP: 15/15 MP: 1/1
    69 | D:1      | Found a faded altar of an unknown god.
   115 | D:1      | Prayed at the altar of an unknown god.
   115 | D:1      | Became a worshipper of Warmaster Okawaru
   115 | D:1      | Reached * piety under Okawaru
   170 | D:1      | Reached skill level 3 in Shapeshifting
   260 | D:1      | Gained mutation: You have a pair of small antennae on your
                  | head. [demonic ancestry]
   260 | D:1      | Reached XP level 2. HP: 19/21 MP: 2/2
   905 | D:2      | Gained mutation: A weak demonic guardian rushes to your
                  | aid. [demonic ancestry]
   905 | D:2      | Reached XP level 3. HP: 10/26 MP: 3/3
  1113 | D:2      | Reached skill level 4 in Shapeshifting
  1250 | D:2      | Gained mutation: Your magical capacity is low. (-10% MP)
                  | [potion of mutation]
  1250 | D:2      | Gained mutation: You are weak. (Str -2) [potion of
                  | mutation]
  1250 | D:2      | Gained mutation: Your magical capacity is very low. (-20%
                  | MP) [potion of mutation]
  1250 | D:2      | Gained mutation: You passively map a small area around you.
                  | [potion of mutation]
  1571 | D:2      | Gained mutation: A demonic guardian rushes to your aid.
                  | [demonic ancestry]
  1571 | D:2      | Reached XP level 4. HP: 29/32 MP: 3/3
  1660 | D:2      | Noticed Natasha
  1674 | D:2      | Killed Natasha
  1710 | D:2      | Noticed Natasha
  1721 | D:2      | Killed Natasha
  1793 | D:2      | Noticed Natasha
  1798 | D:2      | Killed Natasha
  1799 | D:2      | Reached XP level 5. HP: 37/37 MP: 4/4
  1815 | D:3      | Reached skill level 5 in Shapeshifting
  1862 | D:3      | Identified a scroll of acquirement
  1864 | D:3      | Acquired the +1 kite shield of the Hidden Vale {Str+5}
  2060 | D:3      | Killed from afar by an orc priest

Illustrated notes

Levels and vault maps discovered:
D:1:      dpeg_arrival_brainrot, layout_loops_ring,
          chequers_ecumenical_altar_simple
D:2:      layout_rooms, corexii_corridor_pit, minmay_misc_feat_four_crosses,
          st_stairs_6, uniq_natasha
D:3:      layout_basic

Skill      XL: |  1  2  3  4  5 |
---------------+----------------+-----
Shapeshifting  | 3 4 5 |  5.2
Fighting       | |  1.0
Dodging        | |  1.7
Unarmed Combat | |  2.7

Action                     |  1- 3 |  4- 6 || total
---------------------------+-------+-------++-------
  Melee: Unarmed           |   140 |    51 ||   191
         Punch             |       |     1 ||     1
         Rapier            |       |    11 ||    11
    Use: Potion            |     4 |     1 ||     5
         Scroll            |       |     4 ||     4
   Stab: Sleeping          |     2 |     1 ||     3
 Armour: Animal skin       |    28 |    13 ||    41
  Dodge: Dodged            |    96 |    37 ||   133
  Block: Kite shield       |       |    10 ||    10

Table legend: (Time is in decaauts)
 A = Elapsed time spent in this place.
 B = Non-inter-level travel time spent in this place.
 C = Inter-level travel time spent in this place.
 D = Time resting spent in this place.
 E = Time spent auto-exploring this place.
 F = Levels seen in this place.
 G = Mean time per level.
                   A        B        C        D        E       F      G
               +--------+--------+--------+--------+--------+-----+--------+
         Total |   2054 |   2033 |     21 |      0 |   1593 |   3 |  684.7 |
       Dungeon |   2054 |   2033 |     21 |      0 |   1593 |   3 |  684.7 |
               +--------+--------+--------+--------+--------+-----+--------+

Top non-repeatable levels by time:
     D:2: 909 daAuts
     D:1: 885 daAuts
     D:3: 259 daAuts
